AoeStats
← Elmatigol

Arabia

510337372Analyzed
2v2 RM · 1d ago on Sep 30, 2026· 33m 54s· 4 players
Game mode
Random Map
Map size
Medium (4 player)
Population
200
Speed
Normal
Resources
Standard
Victory
Conquest
Starting age
Dark Age
Ending age
Imperial Age
RankedLock teamsTeams togetherTeam positionsShared explorationLock speedFull tech treeHidden civsTurbo modeCheats
Victory
Defeat
🇺🇾 Lithuanians · Uruguay
983
+12
🇺🇾 Vietnamese · Uruguay
961
+13
🇦🇺 Koreans · Australia
897
-38
🇦🇺 Hindustanis · Australia
894
-35
Polar_Op
12:20 Feudal Age
12:41 Horse Collar
15:03 Wheelbarrow
19:17 Gold Mining
20:25 Fletching
24:31 Castle Age
26:47 Crossbowman
28:06 Thumb Ring
27:59 Bodkin Arrow
33:50 Hand Cart
Jihad Herbie
11:35 Feudal Age
13:39 Double-Bit Axe
Elmatigol
7:02 Loom
9:03 Feudal Age
10:07 Double-Bit Axe
15:09 Fletching
19:41 Man-at-Arms
23:34 Castle Age
22:59 Bloodlines
25:47 Elite Skirmisher
27:42 Scale Barding Armor
31:32 Gold Mining
33:05 Chain Barding Armor
33:44 Forging
33:29 Horse Collar
Pietroski
0:28 Loom
10:51 Feudal Age
11:19 Double-Bit Axe
11:22 Town Watch
11:26 Horse Collar
21:31 Castle Age
19:48 Stone Mining
20:01 Gold Mining
21:21 Wheelbarrow
23:48 Fletching
23:58 Padded Archer Armor
24:52 Ballistics
24:56 Bodkin Arrow
26:18 Leather Archer Armor
30:13 Bow Saw
30:24 Heavy Plow
36:46 Imperial Age
Connection lost

Rejoining the realm…

Still unreachable

The connection could not be restored.

Session expired

The server has moved on; the page needs a fresh start.